 Dungeon Crawl Stone Soup version 0.26-a0-639-g72c4674329 (webtiles) character file.

Game seed: 1191266628678449378

30214 Flugslaktarn the Cleaver (level 13, -32/190 HPs)
             Began as a Deep Dwarf Fighter on Sept 23, 2020.
             Was the Champion of Makhleb.
             Annihilated by an enormous slime creature (36 damage)
             ... on level 14 of the Dungeon.
             The game lasted 00:08:11 (9364 turns).

Flugslaktarn the Cleaver (Deep Dwarf Fighter)       Turns: 9364, Time: 00:08:12

Health: -32/190    AC: 20    Str: 25    XL:     13   Next: 19%
Magic:  0/0        EV:  6    Int: 13    God:    Makhleb [******]
Gold:   897        SH: 12    Dex: 10    Spells: 12/12 levels left

rFire    . . .     SeeInvis .   a - +1 war axe
rCold    . . .     Faith    .   c - +0 kite shield
rNeg     . . .     Spirit   +   i - +0 plate armour
rPois    .         Reflect  .   l - +0 helmet
rElec    +         Harm     .   n - +0 cloak
rCorr    .         Rampage  .   (no gloves)
MR       +....                  z - +2 pair of boots
Stlth    ..........             b - amulet of the Lich-sworn {Spirit rElec Int+4 Dex-2}
HPRegen  0.00/turn              h - ring of flight
MPRegen  0.07/turn              q - ring of attention (curse)

@: berserking, non-regenerating, very quick
A: damage resistance, heal wounds, sense surroundings 2, no regeneration
a: Heal Wounds, Minor Destruction, Lesser Servant of Makhleb, Major Destruction,
Greater Servant of Makhleb, Renounce Religion, Evoke Flight


You were on level 14 of the Dungeon.
You worshipped Makhleb.
Makhleb was exalted by your worship.
You visited 2 branches of the dungeon, and saw 15 of its levels.

You collected 897 gold pieces.

Inventory:

Hand Weapons
 a - a +1 war axe (weapon)
Missiles
 j - a throwing net (quivered)
Armour
 c - a +0 kite shield (worn)
 i - a +0 plate armour (worn)
   (You took it off an orc warrior on level 9 of the Dungeon)
 l - a +0 helmet (worn)
   (You found it on level 9 of the Dungeon)
 n - a +0 cloak (worn)
   (You took it off Crazy Yiuf on level 4 of the Dungeon)
 z - a +2 pair of boots (worn)
   (You found it on level 14 of the Dungeon)
Jewellery
 b - the amulet of the Lich-sworn (around neck) {Spirit rElec Int+4 Dex-2}
   (You found it on level 8 of the Dungeon)

   [amulet of guardian spirit]

   It causes incoming damage to be split between your health and magic.
   It affects your intelligence (+4).
   It affects your dexterity (-2).
   It insulates you from electricity.
 h - a ring of flight (left hand)
   (You found it on level 7 of the Dungeon)
 q - a cursed ring of attention (right hand)
   (You found it on level 12 of the Dungeon)
Wands
 d - a wand of enslavement (5)
   (You took it off Erolcha on level 13 of the Dungeon)
 k - a wand of iceblast (6)
   (You took it off Ijyb on level 4 of the Dungeon)
Scrolls
 e - a scroll of vulnerability
 o - a scroll of immolation
 p - a scroll of magic mapping
 s - a scroll of silence
 t - 3 scrolls of teleportation
 x - 4 scrolls of remove curse
 y - a scroll of fear
Potions
 f - a potion of cancellation
 m - 3 potions of magic
 u - a potion of stabbing {unknown}
 v - 2 potions of ambrosia
 w - 3 potions of flight


   Skills:
 * Level 11.4 Fighting
 * Level 13.1 Axes
 + Level 10.1 Armour
 + Level 10.1 Shields
 + Level 10.3 Invocations
 + Level 3.8 Evocations


You had 12 spell levels left.
You didn't know any spells.
Your spell library was empty.

Dungeon Overview and Level Annotations

Branches:
Dungeon (14/15)            Temple (1/1) D:5            Lair (0/6) D:9
    Orc (0/2) D:11
 Vaults: D:13-14

Altars:
Ashenzari
Cheibriados
Dithmenos
Elyvilon
Fedhas
Gozag
Hepliaklqana
Kikubaaqudgha
Makhleb
Nemelex Xobeh
Okawaru
Ru
Sif Muna
Trog
Vehumet
Wu Jian
Xom
Yredelemnul
The Shining One

Shops:
D:4 *   D:8 =*   D:14 :

Annotations:
D:3 2 runed translucent doors, PrinceRibbit's ghost, amateur MfIE
D:14 1 runed translucent door, Qoler's ghost, journeyman MiBe


Innate Abilities, Weirdness & Mutations

You are resistant to damage.
You can heal yourself by infusing magical energy.
You passively map the area around you.
You do not regenerate.


Message History

The large slime creature completely misses you.
You slice the slime creature!!
The slime creature is severely wounded.
You slash the very large slime creature!
You slash the large slime creature!
The very large slime creature hits you!!
* * * LOW HITPOINT WARNING * * *
You block the slime creature's attack. The large slime creature hits you!!
* * * LOW HITPOINT WARNING * * *
You are too injured to fight recklessly!
You are too injured to fight recklessly!
Two slime creatures merge to form an enormous slime creature.
A large slime creature splits.
A slime creature suddenly becomes a large slime creature.
A red film seems to cover your vision as you go berserk!
You feel yourself moving faster!
You feel mighty!
You slash the enormous slime creature!
The enormous slime creature is moderately wounded.
The enormous slime creature hits you!!!
You die...

.## #.#.######
#.#......# ,
#.######.# #.# #.#
+## *#######* #.# #.#
..# .......* #.# #.#
..#
*......J####.######.#
..#
......J.J.#........#
..#
.......##.#@.#######
..# .......##.#J.#
..# .......##.#..#
..#########.##J#..#
..##........##.#..#
..##.......# #....#
...#.......# ###.##
...#.......# #.#
...###.#########.#


You could see an enormous slime creature.

Vanquished Creatures
  Jorgrun (D:13)
  Josephine (D:11)
  Erolcha (D:13)
  Fannar (D:12)
  A centaur warrior (D:14)
  4 two-headed ogres
  2 unseen horrors
  The ghost of PrinceRibbit the Sneak, a novice OpCj of Elyvilon (D:8)
  2 ugly things
  2 manticores
  2 cyclopes (D:12)
  A gargoyle (D:10)
  2 kobold demonologists (D:11)
  A komodo dragon (D:11)
  4 trolls
  A hornet (D:11)
  6 slime creatures (D:13)
  3 hippogriffs
  3 wyverns
  4 wraiths (D:11)
  A vampire (D:13)
  Eustachio (D:4)
  17 yaks
  2 chaos spawn (D:11)
  3 wargs (D:9)
  3 acid dragons
  5 orc warriors
  4 sky beasts
  2 black bears
  A necrophage (D:6)
  3 ice beasts
  7 ogres
  5 phantoms
  An eye of draining (D:8)
  16 centaurs
  3 wolves (D:11)
  2 big kobolds (D:11)
  Blork the orc (D:4)
  6 bullfrogs
  5 scorpions
  A wyvern skeleton (D:11)
  3 killer bees (D:9)
  14 wights
  7 howler monkeys
  2 bullfrog zombies
  A spectral bullfrog (D:8)
  5 centaur zombies
  4 quasits
  7 hounds
  12 orc priests
  5 bullfrog skeletons
  2 centaur skeletons
  2 jellies
  12 orc wizards
  Crazy Yiuf (D:4)
  Ijyb (D:4)
  4 iguanas
  11 worker ants
  2 hound zombies
  2 hound skeletons
  9 gnolls
  A howler monkey zombie (D:8)
  12 adders
  5 river rats (D:5)
  2 shadow imps
  3 white imps
  2 ufetubi
  An ooze (D:4)
  An adder skeleton (D:4)
  An adder zombie (D:9)
  A dart slug (D:1)
  3 leopard geckos
  54 orcs
  2 ball pythons
  3 giant cockroaches
  3 goblins
  9 hobgoblins
  7 jackals
  8 quokkas
  4 bats
  6 frilled lizards
  7 kobolds
  22 rats
395 creatures vanquished.

Vanquished Creatures (collateral kills)
  2 hydras
  Grum (D:11)
  A wolf (D:11)
  2 orcs (D:11)
6 creatures vanquished.

Vanquished Creatures (others)
  An orc (D:13)
  A plant (D:9)
2 creatures vanquished.

Grand Total: 403 creatures vanquished

Notes
Turn   | Place    | Note
-------+----------+-------------------------------------------
     0 | D:1      | Flugslaktarn the Deep Dwarf Fighter began the quest for the
                  | Orb.
     0 | D:1      | Reached XP level 1. HP: 20/20 MP: 1/1
    82 | D:1      | Reached XP level 2. HP: 27/27 MP: 2/2
   271 | D:2      | Reached skill level 3 in Axes
   271 | D:2      | Reached XP level 3. HP: 34/34 MP: 3/3
   599 | D:3      | Found a runed translucent door.
   600 | D:3      | Noticed PrinceRibbit's ghost (amateur MfIE)
   765 | D:3      | Found a shimmering blue altar of Sif Muna.
   843 | D:3      | Found a runed translucent door.
   905 | D:3      | Reached XP level 4. HP: 35/42 MP: 4/4
   919 | D:4      | Noticed Eustachio
   965 | D:4      | Killed Eustachio
   965 | D:4      | Reached skill level 4 in Axes
   965 | D:4      | Reached XP level 5. HP: 27/50 MP: 4/4
  1039 | D:4      | Noticed Ijyb
  1046 | D:4      | Killed Ijyb
  1081 | D:4      | Reached XP level 6. HP: 44/57 MP: 5/5
  1138 | D:4      | Noticed Blork the orc
  1148 | D:4      | Killed Blork the orc
  1179 | D:4      | Reached skill level 5 in Axes
  1216 | D:4      | Reached XP level 7. HP: 30/66 MP: 4/4
  1226 | D:4      | Found Guikkesh's General Store.
  1397 | D:4      | Found a runed translucent door.
  1398 | D:4      | Noticed Crazy Yiuf
  1556 | D:4      | Killed Crazy Yiuf
  1556 | D:4      | Reached skill level 5 in Fighting
  1611 | D:5      | Entered Level 5 of the Dungeon
  1695 | D:5      | Reached skill level 5 in Armour
  1701 | D:5      | Found a white marble altar of Elyvilon.
  1741 | D:5      | Found an ancient bone altar of Kikubaaqudgha.
  1759 | D:5      | Reached skill level 6 in Axes
  1759 | D:5      | Reached skill level 5 in Shields
  1761 | D:5      | Found a staircase to the Ecumenical Temple.
  1814 | Temple   | Entered the Ecumenical Temple
  1923 | Temple   | Became a worshipper of Makhleb the Destroyer
  1974 | D:5      | Found an opulent altar of Gozag.
  2063 | D:5      | Reached skill level 1 in Invocations
  2063 | D:5      | Reached XP level 8. HP: 19/75 MP: 2/2
  2139 | D:5      | Found a shadowy altar of Dithmenos.
  2180 | D:5      | Found a radiant altar of Vehumet.
  2215 | D:5      | Found a glowing golden altar of the Shining One.
  2430 | D:5      | Reached * piety under Makhleb
  2760 | D:6      | Reached skill level 7 in Axes
  2909 | D:6      | Found a shattered altar of Ashenzari.
  3033 | D:6      | Found a burning altar of Makhleb.
  3129 | D:6      | Found a sacrificial altar of Ru.
  3279 | D:6      | Found a bloodstained altar of Trog.
  3813 | D:7      | Gained mutation: You passively map the area around you.
                  | [Deep Dwarf growth]
  3813 | D:7      | Reached XP level 9. HP: 59/85 MP: 3/3
  3823 | D:7      | Reached ** piety under Makhleb
  4375 | D:8      | Reached skill level 8 in Axes
  4422 | D:8      | Found an iron altar of Okawaru.
  4423 | D:8      | Noticed a two-headed ogre
  4459 | D:8      | Killed a two-headed ogre
  4459 | D:8      | Reached skill level 5 in Invocations
  4490 | D:8      | Found Empam's Jewellery Shoppe.
  4530 | D:8      | Found Xawysme's General Store.
  4771 | D:8      | Found a basalt altar of Yredelemnul.
  4896 | D:8      | Found a runed translucent gate.
  4896 | D:8      | Found a runed translucent gate.
  4897 | D:8      | Found a runed translucent gate.
  4897 | D:8      | Noticed PrinceRibbit's ghost (novice OpCj)
  4996 | D:8      | Noticed a troll
  5016 | D:8      | Killed a troll
  5439 | D:9      | Reached skill level 9 in Axes
  5439 | D:9      | Reached XP level 10. HP: 53/96 MP: 4/4
  5543 | D:8      | Killed PrinceRibbit's ghost
  5543 | D:8      | Reached *** piety under Makhleb
  5549 | D:8      | Got a slimy diamond amulet
  5557 | D:8      | Identified the amulet of the Lich-sworn {Spirit rElec Int+4
                  | Dex-2} (You found it on level 8 of the Dungeon)
  5683 | D:9      | Noticed a two-headed ogre
  5694 | D:9      | Killed a two-headed ogre
  5735 | D:9      | Found a staircase to the Lair.
  6075 | D:10     | Entered Level 10 of the Dungeon
  6089 | D:10     | Reached skill level 10 in Axes
  6206 | D:10     | Reached XP level 11. HP: 53/106 MP: 0/4
  6208 | D:10     | Reached **** piety under Makhleb
  6281 | D:10     | Noticed a two-headed ogre
  6289 | D:10     | Killed a two-headed ogre
  6376 | D:10     | Found a white marble altar of Elyvilon.
  6642 | D:11     | Noticed a four-headed hydra
  6674 | D:11     | Killed a nine-headed hydra
  6714 | D:11     | Reached skill level 11 in Axes
  6733 | D:11     | Noticed Grum
  6751 | D:11     | Killed Grum
  6834 | D:11     | Found a staircase to the Orcish Mines.
  6862 | D:11     | Reached ***** piety under Makhleb
  7052 | D:11     | Noticed a green ugly thing
  7068 | D:11     | Killed a green ugly thing
  7085 | D:11     | Killed an unseen horror
  7170 | D:11     | Reached skill level 10 in Fighting
  7237 | D:11     | Noticed a sun demon
  7261 | D:11     | Found the +7 mace of Variability {chain chaos}
  7261 | D:11     | Found a shimmering altar of Xom.
  7261 | D:11     | Noticed Josephine
  7306 | D:11     | Killed Josephine
  7313 | D:11     | Reached XP level 12. HP: 83/116 MP: 0/2
  7724 | D:12     | Reached skill level 12 in Axes
  8252 | D:12     | Noticed Fannar
  8281 | D:12     | Killed Fannar
  8425 | D:13     | Reached skill level 1 in Evocations
  8450 | D:13     | Found a shimmering altar of Xom.
  8453 | D:13     | Noticed Jorgrun
  8454 | D:13     | Found a shimmering altar of Xom.
  8454 | D:13     | Found a shimmering altar of Xom.
  8454 | D:13     | Found a shimmering altar of Xom.
  8472 | D:13     | Noticed a seven-headed hydra
  8479 | D:13     | Killed Jorgrun
  8486 | D:13     | Killed a nine-headed hydra
  8486 | D:13     | Reached skill level 10 in Invocations
  8509 | D:13     | Found a shimmering altar of Xom.
  8509 | D:13     | Found a shimmering altar of Xom.
  8515 | D:13     | Found a shimmering altar of Xom.
  8554 | D:13     | Noticed Erolcha
  8565 | D:13     | Noticed a two-headed ogre
  8589 | D:13     | Killed a two-headed ogre
  8592 | D:13     | Killed Erolcha
  8627 | D:13     | Reached XP level 13. HP: 47/127 MP: 1/1
  8740 | D:13     | Reached skill level 10 in Armour
  8868 | D:13     | Reached skill level 10 in Shields
  8908 | D:13     | Reached skill level 13 in Axes
  8962 | D:13     | Reached ****** piety under Makhleb
  9237 | D:14     | Found Ypiucaet's Book Boutique.
  9315 | D:14     | Found a runed translucent door.
  9316 | D:14     | Noticed Qoler's ghost (journeyman MiBe)
  9350 | D:14     | HP: 3/127 [large slime creature (27)]
  9364 | D:14     | Annihilated by an enormous slime creature

Illustrated notes

Levels and vault maps discovered:
D:1:      sevenhm_arrival_forest_fort_large_2, layout_rooms
D:2:      layout_rooms, eat_drink_and_be_merry_uskayaw,
          gammafunk_temple_overflow_pools, st_stairs_12
D:3:      layout_loops_ring, led_sif_pool, ebering_ghost_sewer_f,
          grunt_ministairs_8
D:4:      layout_rooms, serial_shops, shop, chequers_avenue, uniq_ijyb,
          uniq_eustachio, uniq_crazy_yiuf_cottage, uniq_blork_the_orc
D:5:      lemuel_ratsnest, layout_gridville, old_standard_altar,
          lemuel_doored_altar, grunt_temple_overflow_open,
          lemuel_coloured_pillars_altar, temple_statues, basic_altar,
          minmay_quadrilaterals
D:6:      layout_layer_cave, nicolae_ru_path_of_blood,
          nicolae_ashenzari_panopticon, nicolae_overflow_crystal_walls,
          basic_altar
D:7:      layout_loops_ring
D:8:      layout_loops_corners, nicolae_overflow_hidden_temple, serial_shops,
          shop_fountains, nicolae_shop_waterfront, gammafunk_ghost_necromancy,
          okawaru_trees_2
D:9:      layout_basic, erik_lair_orcish_takeover
D:10:     layout_rooms, basic_altar
D:11:     layout_roguey, hiddenorc2_lemuel, minmay_guarded_unrand_variability,
          uniq_grum, uniq_josephine
D:12:     layout_roguey, uniq_fannar
D:13:     layout_loops_cross, minmay_stone_trees_medium,
          nicolae_xom_altar_mimics, uniq_jorgrun, uniq_erolcha
D:14:     layout_basic, david_vaults_1, gammafunk_ghost_grave, serial_shops,
          shop, minmay_misc_feat_cross
Temple:   nicolae_temple_figure_zero

Skill      XL: |  1  2  3  4  5  6  7  8  9 10 11 12 13 |
---------------+----------------------------------------+-----
Fighting       | 3 4 5 6 7 9 10 11 | 11.4
Axes           | 3 4 5 6 7 9 10 11 12 13 | 13.1
Armour         | 4 5 6 7 9 10 | 10.1
Shields        | 4 5 6 7 9 10 | 10.1
Invocations    | 1 3 5 7 8 10 | 10.3
Evocations     | 3 |  3.8

Action                   |  1- 3 |  4- 6 |  7- 9 | 10-12 | 13-15 || total
-------------------------+-------+-------+-------+-------+-------++-------
Melee: War axe           |   102 |   107 |   499 |   798 |   126 ||  1632
Invok: Lesser Servant of |       |       |       |     4 |       ||     4
 Abil: Heal Wounds       |       |     8 |    26 |    32 |     1 ||    67
Evoke: Wand              |       |       |     1 |    10 |       ||    11
  Use: Scroll            |       |       |     8 |     7 |     3 ||    18
       Potion            |       |       |     4 |     7 |     1 ||    12
 Stab: Paralysed         |       |       |       |     3 |       ||     3
Armor: Scale mail        |    43 |   104 |    85 |       |       ||   232
       Chain mail        |       |       |   159 |     6 |       ||   165
       Plate armour      |       |       |       |   622 |    76 ||   698
Dodge: Dodged            |    35 |    77 |   150 |   214 |    23 ||   499
Block: Kite shield       |    54 |   112 |   280 |   592 |    80 ||  1118

Table legend: (Time is in decaauts)
 A = Elapsed time spent in this place.
 B = Non-inter-level travel time spent in this place.
 C = Inter-level travel time spent in this place.
 D = Time resting spent in this place.
 E = Time spent auto-exploring this place.
 F = Levels seen in this place.
 G = Mean time per level.
                   A        B        C        D        E       F      G
               +--------+--------+--------+--------+--------+-----+--------+
         Total |   9564 |   9207 |    357 |    246 |   5971 |  15 |  637.6 |
       Dungeon |   9445 |   9098 |    347 |    246 |   5864 |  14 |  674.6 |
        Temple |    119 |    110 |      9 |      0 |    107 |   1 |  119.0 |
               +--------+--------+--------+--------+--------+-----+--------+

Top non-repeatable levels by time:
     D:8: 1212 daAuts
     D:5: 1041 daAuts
    D:11: 997 daAuts
     D:6: 966 daAuts
    D:12: 793 daAuts
    D:13: 756 daAuts
     D:4: 742 daAuts
     D:7: 701 daAuts
     D:3: 610 daAuts
     D:9: 525 daAuts
    D:10: 490 daAuts
    D:14: 253 daAuts
     D:1: 234 daAuts
  Temple: 119 daAuts
     D:2: 118 daAuts
